 Dungeon Crawl Stone Soup version 0.27-a0-366-g8badd94918 (webtiles) character file.

Game seed: 7423274230086911014

242 wampuh the Grave Robber (level 5, 0/38 HPs)
             Began as a Demonspawn Necromancer on Feb 17, 2021.
             Was a Believer of Jiyva.
             Slain by a phantom (4 damage)
             ... on level 4 of the Dungeon.
             The game lasted 00:07:36 (4666 turns).

wampuh the Grave Robber (Demonspawn Necromancer)    Turns: 4666, Time: 00:07:37

Health: 0/38       AC:  4    Str:  8    XL:     5   Next: 82%
Magic:  10/10      EV: 12    Int: 24    God:    Jiyva [**....]
Gold:   117        SH:  0    Dex: 13    Spells: 6/11 levels left

rFire    . . .     SeeInvis +   u - +2 hand axe (vorpal)
rCold    . . .     Faith    .   (no shield)
rNeg     . . .     Spirit   .   a - +0 robe
rPois    .         Reflect  .   (helmet restricted)
rElec    .         Harm     .   (no cloak)
rCorr    .         Rampage  .   t - +1 pair of gloves
Will     .....                  (no boots)
Stlth    ++........             p - amulet of the acrobat
HPRegen  0.12/turn              l - ring of see invisible
MPRegen  0.24/turn              m - +6 ring of intelligence

@: no status effects
A: antennae 1, claws 1, spiny 1, magic regeneration
a: Renounce Religion, Request Jelly


You were on level 4 of the Dungeon.
You worshipped Jiyva.
Jiyva was pleased with you.
You visited 1 branch of the dungeon, and saw 4 of its levels.

You collected 117 gold pieces.

Inventory:

Hand Weapons
 u - a +2 vorpal hand axe (weapon)
Missiles
 n - 45 arrows
Armour
 a - a +0 robe (worn)
 t - a +1 pair of gloves (worn)
Jewellery
 k - a ring of fire
 l - a ring of see invisible (left hand)
 m - a +6 ring of intelligence (right hand)
 p - an amulet of the acrobat (around neck)
Wands
 o - a wand of random effects (17)
Scrolls
 b - 3 scrolls of magic mapping {unknown}
 d - a scroll of enchant weapon {unknown}
 e - 5 scrolls of identify {unknown}
 f - a scroll of immolation {unknown}
 g - a scroll of noise {unknown}
 i - 3 scrolls of teleportation {unknown}
 s - a scroll of enchant armour {unknown}
Potions
 c - a potion of flight {unknown}
 h - a potion of invisibility {unknown}
 j - a potion of degeneration {unknown}
 q - a potion of cancellation {unknown}
 r - 2 potions of curing {unknown}


   Skills:
 * Level 1.6 Fighting
 + Level 2.1 Dodging
 + Level 2.2 Stealth
 + Level 3.8 Spellcasting
 - Level 6.0 Necromancy


You had 6 spell levels left.
You knew the following spells:

 Your Spells              Type           Power        Failure   Level
a - Pain                  Necr           100%         1%          1
b - Animate Skeleton      Necr           66%          1%          1
c - Vampiric Draining     Necr           16%          2%          3

Your spell library contained the following spells:

 Spells                   Type           Power        Failure   Level
 Animate Dead             Necr           16%          9%          4
 Beastly Appendage        Tmut           8%           10%         1
 Agony                    Necr           33%          24%         5


Dungeon Overview and Level Annotations

Branches:
Dungeon (4/15)
 Temple: D:4-7

Altars:
Elyvilon
Kikubaaqudgha
Nemelex Xobeh
Sif Muna
Vehumet
The Shining One
Jiyva


Innate Abilities, Weirdness & Mutations

You have a pair of small antennae on your head.
You have sharp fingernails.
You are partially covered in sharp spines.
You regenerate magic rapidly.


Message History

The phantom hits you.
The phantom blinks!
You blink.
You closely miss the phantom.
The phantom is heavily damaged.
The phantom is struck by your spines. The phantom closely misses you.
The phantom hits you.
You closely miss the phantom.
The phantom is severely damaged.
The phantom hits you!
The phantom blinks!
You blink.
You are too injured to fight recklessly!
You are too injured to fight recklessly!
You are too injured to fight recklessly!
You closely miss the phantom.
The phantom is severely damaged.
The phantom hits you.
The phantom blinks!
You blink.
You miss the phantom.
The phantom is heavily damaged.
The phantom hits you!
* * * LOW HITPOINT WARNING * * *
The phantom barely misses you.
Casting: Pain (safe; 1% risk of failure)
Confirm with . or Enter, or press ? or * to list all spells.
Aiming: Vampiric Draining (dangerous; 2% risk of failure)
Press: ? - help, Shift-Dir - straight line, f - phantom
Aim: a phantom (heavily damaged)
You can't drain life from that!
You hit the phantom.
The phantom is almost destroyed.
The phantom barely misses you.
You barely miss the phantom.
The phantom is almost destroyed.
The phantom closely misses you.
You barely miss the phantom.
The phantom is almost destroyed.
The phantom hits you.
* * * LOW HITPOINT WARNING * * *
The phantom barely misses you.
You closely miss the phantom.
The phantom is almost destroyed.
The phantom is struck by your spines. The phantom hits you.
You die...

..........###8...8###
#.##.....##.##._.####..
.........##..#####....
..##.......#......#
.###......###....##
...#.....#.#.#.#.#
.#.##..####.##.#.#
.#.##.<# ####.#W#
##.##..# #.#@# ##.###.#
..#.# ........ ###.#
.......###.#.###.###
##.###..........>..# #
####.+####.#####.# #
#≈≈≈..≈≈≈# #.# #
#≈≈≈..≈≈≈# #.#
###≈≈≈..≈≈≈# #.#


You could see a phantom.

Vanquished Creatures
  Ijyb (D:3)
  Natasha (twice) (D:3)
  2 orc wizards (D:3)
  A hound zombie (D:4)
  An adder (D:2)
  2 oozes
  A dart slug (D:1)
  2 leopard geckos
  9 orcs (D:3)
  6 bats
  5 giant cockroaches
  6 hobgoblins
  5 jackals
  2 quokkas
  A ball python (D:3)
  5 frilled lizards
  6 goblins
  5 kobolds
  9 rats
71 creatures vanquished.

Vanquished Creatures (others)
  Sigmund (D:3)
  A jelly (D:3)
  Natasha (D:3)
  2 adders
5 creatures vanquished.

Grand Total: 76 creatures vanquished

Notes
Turn   | Place    | Note
-------+----------+-------------------------------------------
     0 | D:1      | wampuh the Demonspawn Necromancer began the quest for the
                  | Orb.
     0 | D:1      | Reached XP level 1. HP: 13/13 MP: 3/3
    40 | D:1      | Learned a level 1 spell: Animate Skeleton
   458 | D:1      | Gained mutation: You regenerate magic rapidly. [demonic
                  | ancestry]
   458 | D:1      | Reached XP level 2. HP: 16/19 MP: 1/5
   879 | D:1      | Found a glowing golden altar of the Shining One.
  1378 | D:2      | Gained mutation: You have sharp fingernails. [demonic
                  | ancestry]
  1378 | D:2      | Reached XP level 3. HP: 23/24 MP: 4/7
  1402 | D:2      | Reached skill level 5 in Necromancy
  1408 | D:2      | Learned a level 3 spell: Vampiric Draining
  1927 | D:2      | Found a white marble altar of Elyvilon.
  2119 | D:3      | Gained mutation: You have a pair of small antennae on your
                  | head. [demonic ancestry]
  2119 | D:3      | Reached XP level 4. HP: 18/30 MP: 4/8
  2438 | D:3      | Noticed Sigmund
  3347 | D:3      | Noticed Natasha
  3354 | D:3      | Killed Natasha
  3560 | D:3      | Gained mutation: You are partially covered in sharp spines.
                  | [demonic ancestry]
  3560 | D:3      | Reached XP level 5. HP: 16/35 MP: 8/10
  3560 | D:3      | Noticed Ijyb
  3579 | D:3      | Killed Ijyb
  3580 | D:3      | Reached skill level 1 in Fighting
  3670 | D:3      | Found a faded altar of an unknown god.
  3742 | D:3      | Became a worshipper of Jiyva Jeseunal the Shapeless
  3742 | D:3      | Reached * piety under Jiyva
  3865 | D:3      | Noticed Natasha
  3876 | D:3      | Killed Natasha
  3883 | D:3      | Killed Natasha
  4109 | D:3      | Killed Sigmund
  4110 | D:3      | Reached ** piety under Jiyva
  4252 | D:3      | Found a sparkling altar of Nemelex Xobeh.
  4490 | D:4      | Reached skill level 6 in Necromancy
  4547 | D:4      | Found an ancient bone altar of Kikubaaqudgha.
  4553 | D:4      | Found a shimmering blue altar of Sif Muna.
  4555 | D:4      | Found a radiant altar of Vehumet.
  4559 | D:4      | Identified Sif Muna's Almanac of Moulding
  4652 | D:4      | Noticed a phantom
  4666 | D:4      | Slain by a phantom

Illustrated notes

Levels and vault maps discovered:
D:1:      evilmike_arrival_crescent, layout_basic, tso_altar
D:2:      layout_basic, nicolae_overflow_crystal_walls
D:3:      layout_loops_ring, nemelex_xobeh_ov_fountains_minmay,
          chequers_ecumenical_altar_simple_redux, uniq_natasha, uniq_ijyb,
          uniq_sigmund
D:4:      layout_loops_ring, grunt_temple_overflow_magic_moments,
          lemuel_round_altar, minmay_temple_entry_waves, corexii_shack,
          hangedman_decor_growths, kennysheep_generic_room_5

Skill      XL: |  1  2  3  4  5 |
---------------+----------------+-----
Necromancy     | 5 6 |  6.0
Spellcasting   | 3 |  3.8
Fighting       | 1 |  1.6
Stealth        | 2 |  2.2
Dodging        | 2 |  2.1

Action                   |  1- 3 |  4- 6 || total
-------------------------+-------+-------++-------
Melee: Club              |    21 |       ||    21
       Unarmed           |     1 |       ||     1
       Hand axe          |     7 |    58 ||    65
 Cast: Pain              |    52 |    40 ||    92
       Animate Skeleton  |       |     2 ||     2
       Vampiric Draining |       |     5 ||     5
 Stab: Sleeping          |     1 |     2 ||     3
       Distracted        |       |     1 ||     1
Armor: Robe              |    10 |     6 ||    16
Dodge: Dodged            |    24 |    51 ||    75

Table legend: (Time is in decaauts)
 A = Elapsed time spent in this place.
 B = Non-inter-level travel time spent in this place.
 C = Inter-level travel time spent in this place.
 D = Time resting spent in this place.
 E = Time spent auto-exploring this place.
 F = Levels seen in this place.
 G = Mean time per level.
                   A        B        C        D        E       F      G
               +--------+--------+--------+--------+--------+-----+--------+
         Total |   4693 |   4554 |    139 |   1744 |   2248 |   4 | 1173.2 |
       Dungeon |   4693 |   4554 |    139 |   1744 |   2248 |   4 | 1173.2 |
               +--------+--------+--------+--------+--------+-----+--------+

Top non-repeatable levels by time:
     D:2: 1653 daAuts
     D:1: 1378 daAuts
     D:3: 1318 daAuts
     D:4: 342 daAuts
